 Dungeon Crawl Stone Soup version 0.29.1-13-g9f3cf754e1 (webtiles) character file.

Game seed: 5497747909714702373

32 BallerZ the Trooper (level 3, 0/21 (33) HPs)
             Began as a Meteoran Abyssal Knight on Feb 8, 2023.
             Was a Priest of Lugonu.
             Slain by an adder (3 damage)
             ... on level 3 of the Dungeon.
             The game lasted 00:11:44 (1201 turns).

BallerZ the Trooper (Meteoran Abyssal Knight)       Turns: 1201, Time: 00:11:45

HP:   0/21 (33)     AC:  4    Str: 16    XL:     3   Next: 67%
MP:   6/6           EV: 11    Int: 12    God:    Lugonu [***...]
Gold: 45            SH:  0    Dex: 14    Spells: 2/2 levels left

rFire   . . .      SeeInvis .   c - +0 morningstar
rCold   . . .      Faith    .   (no shield)
rNeg    . . .      Spirit   .   b - +0 leather armour
rPois   .          Reflect  .   m - +0 helmet
rElec   .          Harm     .   (no cloak)
rCorr   .          Rampage  .   (no gloves)
Will    .....                   (no boots)
Stlth   +.........              (no amulet)
HPRegen 0.07/turn               (no ring)
MPRegen 0.10/turn               (no ring)

@: lethally poisoned (0 -> -3), glowing, very heavily drained
A: sense surroundings 1, otherworldly, glowing, explore regen
a: Renounce Religion, Depart the Abyss, Bend Space, Banish


You were on level 3 of the Dungeon.
You worshipped Lugonu.
Lugonu was most pleased with you.
You visited 1 branch of the dungeon, and saw 3 of its levels.
You visited the Abyss 1 time.

You collected 45 gold pieces.

Inventory:

Hand Weapons
 a - a +1 mace
 c - a +0 morningstar (weapon)
 h - a +2 vampiric dagger
Missiles
 l - 4 boomerangs (quivered)
Armour
 b - a +0 leather armour (worn)
 m - a +0 helmet (worn)
Scrolls
 d - 3 scrolls of torment
 j - a scroll of amnesia
 n - a scroll of poison
 o - a scroll of identify
 p - a scroll of enchant weapon {unknown}
Potions
 e - a potion of curing
 f - a potion of degeneration
 g - a potion of attraction
 k - a potion of brilliance


   Skills:
 + Level 3.9 Fighting
 + Level 3.2 Maces & Flails
 + Level 2.7 Armour
 + Level 1.4 Dodging
 + Level 0.1 Stealth
 + Level 2.9 Invocations


You had 2 spell levels left.
You didn't know any spells.
Your spell library was empty.

Dungeon Overview and Level Annotations

Branches:
Dungeon (3/15) Zot: 780

Altars:
Uskayaw

Shops:
D:3 [

Annotations:
D:2 Sigmund


Innate Abilities, Weirdness & Mutations

You passively map a small area around you.
You are easily found by Zot.
You glow in the dark.
You regain HP and MP as you explore.


Message History

You hit the adder.
The adder is moderately wounded.
The adder barely misses you. The adder bites you but does no damage.
You hit the adder.
The adder is severely wounded.
The adder bites you.
You are poisoned.
The adder poisons you! The hobgoblin hits you.
The adder bites you but does no damage.
You barely miss the adder.
The adder is severely wounded.
You feel sick. The hobgoblin hits you. The adder bites you but does no damage.
The hobgoblin hits you but does no damage.
You closely miss the adder.
The adder is severely wounded.
You feel sick. The adder bites you but does no damage.
The adder barely misses you. The hobgoblin closely misses you.
You miss the adder.
The adder is severely wounded.
You feel sick.
You are no longer poisoned.
The adder barely misses you.
The hobgoblin hits you but does no damage.
The adder bites you but does no damage.
You barely miss the hobgoblin. You punch the hobgoblin.
The hobgoblin is moderately wounded.
The adder bites you.
You are poisoned.
The adder poisons you! The hobgoblin hits you. The adder closely misses you.
The hobgoblin barely misses you.
You sock the hobgoblin!
You kill the hobgoblin!
Lugonu accepts your kill.
You can now banish your foes.
* * * LOW HITPOINT WARNING * * *
You feel sick. The adder bites you but does no damage.
Unknown command.
You closely miss the frilled lizard.
* * * LOW HITPOINT WARNING * * *
You feel sick. The adder bites you.
You die...

, * * * *, , *
#### *, , , ..#
###.### #.....#
,
####.#)#.######
#....l@....<..♣
*
#.##.#S#.##.♣.∩.
, * #.....#, , *
*###.##. , , *
#.# .. * ...
.#., * , * ##.#
.##. * #.#,..*.#


You could see an adder and a frilled lizard.

Vanquished Creatures
  A worm (D:2)
  4 bats
  3 endoplasms
  2 giant cockroaches
  2 goblins (D:2)
  2 hobgoblins
  2 jackals (D:1)
  A quokka (D:1)
  5 ball pythons
  2 kobolds (D:1)
  A rat (D:2)
25 creatures vanquished.

Notes
Turn   | Place    | Note
-------+----------+-------------------------------------------
     0 | Abyss:1  | BallerZ the Meteoran Abyssal Knight began the quest for the
                  | Orb.
     0 | Abyss:1  | Reached XP level 1. HP: 19/19 MP: 3/3
     1 | D:1      | Escaped the Abyss
   152 | D:1      | Reached XP level 2. HP: 26/26 MP: 4/4
   166 | D:1      | Found a faded altar of an unknown god.
   494 | D:1      | Glimpsed the power of Zot.
   629 | D:2      | Reached XP level 3. HP: 30/33 MP: 6/6
  1041 | D:2      | Found a hide-covered altar of Uskayaw.
  1085 | D:2      | Glimpsed the power of Zot.
  1091 | D:2      | Noticed Sigmund
  1135 | D:2      | Glimpsed the power of Zot.
  1174 | D:2      | Glimpsed the power of Zot.
  1184 | D:2      | Touched by the power of Zot.
  1191 | D:3      | Found Pecvem's Antique Armour Shop.
  1200 | D:3      | Reached *** piety under Lugonu
  1201 | D:3      | Slain by an adder

Illustrated notes

Levels and vault maps discovered:
D:1:      grunt_arrival_crossed_arrows, layout_basic,
          shapermc_ecumenical_altar_totnotflames
D:2:      minmay_general_purpose_star, layout_loops_cross, basic_altar,
          uniq_sigmund
D:3:      layout_loops_ring, amethyst_overflow_temple_binary, serial_shops,
          shop, nicolae_shop_trees, uniq_crazy_yiuf_cottage

Skill      XL: |  1  2  3 |
---------------+----------+-----
Maces & Flails | 3 |  3.2
Fighting       | |  3.9
Armour         | |  2.7
Dodging        | |  1.4
Stealth        | |  0.1
Invocations    | |  2.9

Action                   || total
-------------------------++-------
Melee: Mace              ||    44
       Morningstar       ||    25
       Punch             ||     1
Invok: Bend Space        ||     1
  Use: Scroll            ||    10
       Potion            ||     2
Armor: Leather armour    ||    53
Dodge: Dodged            ||    54
